 Dungeon Crawl Stone Soup version 0.19.0 (webtiles) character file.

50 qqqbard the Digger (level 3, -6/19 HPs)
             Began as a Gargoyle Earth Elementalist on Nov 1, 2016.
             Mangled by a gnoll
             ... wielding a +0 flail
              (10 damage)
             ... on level 2 of the Dungeon.
             The game lasted 00:03:14 (1293 turns).

qqqbard the Digger (Gargoyle Earth Elementalist)    Turns: 1293, Time: 00:03:14

Health: -6/19      AC:  5    Str: 11    XL:     3   Next: 79%
Magic:  7/7        EV: 12    Int: 16    God:
Gold:   29         SH:  0    Dex: 10    Spells: 1 memorised, 6 levels left

rFire  . . .     SeeInvis .     b - 19 stones
rCold  . . .     Gourm    .     c - +0 robe
rNeg   + . .     Faith    .     (no shield)
rPois  ∞         Spirit   .     (no helmet)
rElec  +         Reflect  .     (no cloak)
rCorr  .         Harm     .     (no gloves)
MR     .....                    (no boots)
Stlth  ++........               (no amulet)
                                (no ring)
                                (no ring)

@: no status effects
A: negative energy resistance 1, electricity resistance, unbreathing,
petrification resistance, rot immunity, AC +3
a: no special abilities


You were on level 2 of the Dungeon.
You were hungry.

You visited 1 branch of the dungeon, and saw 2 of its levels.

You collected 29 gold pieces.

Inventory:

Missiles
 b - 19 stones (in hand)
Armour
 c - a +0 robe (worn)
Scrolls
 f - 4 scrolls of identify
 g - a scroll of recharging {unknown}
 i - a scroll of remove curse {unknown}
 j - a scroll of blinking {unknown}
Potions
 a - a potion of brilliance {unknown}
 k - a potion of lignification {unknown}
Books
 e - a book of Geomancy

   Spells                             Type                      Level
   a - Sandblast                      Earth                        1
   b - Passwall                       Transmutation/Earth          2
   c - Stone Arrow                    Conjuration/Earth            3
   d - Petrify                        Transmutation/Earth          4
   e - Lee's Rapid Deconstruction     Earth                        5
Comestibles
 d - a bread ration
 h - 4 fruits


   Skills:
 + Level 1.7 Dodging
 + Level 2.2 Stealth
 + Level 0.4 Unarmed Combat
 + Level 2.7 Spellcasting
   Level 0.7 Transmutations
 + Level 4.5 Earth Magic


You had 6 spell levels left.
You knew the following spells:

 Your Spells              Type           Power        Failure   Level  Hunger
a - Sandblast             Erth           ###...       3%          1    #......


Dungeon Overview and Level Annotations

Branches:
Dungeon (2/15)

Altars:


Innate Abilities, Weirdness & Mutations

You are resistant to torment.
Your stone body is resilient. (AC +3)
You are immune to poison.
You resist negative energy. (rN+)
You are resistant to electric shocks. (rElec)
You can survive without breathing.
You are immune to petrification.
You are immune to rotting.


Message History

Confirm with . or Enter, or press ? or * to list all spells.
Aiming: Sandblast
Press: ? - help, Shift-Dir - straight line, f/p - dart slug
Aim: a dart slug (almost dead)
The blast of sand hits the dart slug.
You kill the dart slug!
There is a stone staircase leading down here.
You start resting.
HP restored.
You start resting.
Magic restored.
b - 19 stones (in hand)
You climb downwards.
The gnoll hits you with a spear. The frilled lizard closely misses you.
The gnoll hits you with a flail.
There is a stone staircase leading up here.
The gnoll hits you with a spear!
* * * LOW HITPOINT WARNING * * *
The frilled lizard barely misses you. The gnoll hits you with a flail!
Ouch! That really hurt!
You die...

.........#
......)..#
.......!.#
.......gg#
...).....#
........l#
.........+
.......b.######
.........gg@g.#
...........l#.#
#####...#...#.#
######....#
######


You could see 3 gnolls, a bat and a frilled lizard.

Vanquished Creatures
  A gnoll (D:2)
  An adder (D:2)
  A worm (D:1)
  A dart slug (D:1)
  5 bats
  A giant cockroach (D:1)
  3 goblins (D:1)
  7 hobgoblins (D:1)
  3 kobolds (D:1)
  3 frilled lizards (D:1)
26 creatures vanquished.

Notes
Turn   | Place    | Note
-------+----------+-------------------------------------------
     0 | D:1      | qqqbard the Gargoyle Earth Elementalist began the quest for the Orb.
     0 | D:1      | Reached XP level 1. HP: 10/10 MP: 3/3
   217 | D:1      | Reached skill level 4 in Earth Magic
   217 | D:1      | Reached XP level 2. HP: 15/15 MP: 3/5
   731 | D:1      | Reached XP level 3. HP: 15/19 MP: 2/6
  1293 | D:2      | Mangled by a gnoll

Skill      XL: |  1 |
---------------+----+-----
Earth Magic    | 4 |  4.5
Dodging        | |  1.7
Stealth        | |  2.2
Unarmed Combat | |  0.4
Spellcasting   | |  2.7
Transmutations | |  0.7

Action                   || total
-------------------------++-------
Melee: Unarmed           ||    48
 Cast: Sandblast         ||    52
  Use: Scroll            ||     1
  Eat: Chunk             ||     1
Armor: Robe              ||    25
Dodge: Dodged            ||    73
